3R
BALLARD BEAVERS @ BOMPTON BABY LAKERS
08/07/2041
 
TOP OF THE 1ST
Ballard Beavers batting - Pitching for Bompton Baby Lakers : LHP Zhao-hui Teng
Pitching: LHP Zhao-hui Teng
Batting: RHB Eli Johnson 0-0: Swinging Strike
0-1: Swinging Strike
0-2: Strikes out looking
Batting: LHB Desi Lińares 0-0: Called Strike
0-1: Foul Ball, location: 2F
0-2: Ball
1-2: Ball
2-2: Fly out, F9 (Flyball, 9D, EV 93.8 MPH)
Batting: RHB Eldon Broadus 0-0: Foul Ball, location: 2F
0-1: Foul Ball, location: 2F
0-2: SINGLE (Groundball, 6MD, EV 95.6 MPH)
Batting: RHB Sergio Estrada 0-0: Ball
1-0: Fly out, F9 (Line Drive, 9, EV 91.9 MPH)
Top of the 1st over - 0 runs, 1 hit, 0 errors, 1 left on base; Ballard 0 - Bompton 0
BOTTOM OF THE 1ST
Bompton Baby Lakers batting - Pitching for Ballard Beavers : RHP Javier Martínez
Pitching: RHP Javier Martínez
Batting: RHB Dave Reynolds 0-0: Called Strike
0-1: Foul Ball, location: 2F
0-2: Ball
1-2: Foul Ball, location: 2F
1-2: Foul Ball, location: 2F
1-2: Foul Ball, location: 2F
1-2: SINGLE (Line Drive, 9S, EV 100.6 MPH)
Batting: LHB Leonardo Valdéz 0-0: Called Strike
0-1: Called Strike
0-2: Ball
1-2: SINGLE (Line Drive, 7LS, EV 101.2 MPH)
Dave Reynolds to second
Batting: RHB Jochen Nelis 0-0: Ball
1-0: Ball
2-0: Ball
3-0: Foul Ball, location: 2F
3-1: Foul Ball, location: 2F
3-2: Foul Ball, location: 2F
3-2: Hit by Pitch
Dave Reynolds to third
Leonardo Valdéz to second
Batting: RHB Keaton Sturge 0-0: Foul Ball, location: 2F
0-1: Foul Ball, location: 2F
0-2: Foul Ball, location: 2F
0-2: Ball
1-2: Fielders Choice at 2nd, 5-4 (Groundball, 56, EV 98.8 MPH)
Dave Reynolds scores
Leonardo Valdéz to third
Batting: LHB Júlio Silva 0-0: Ball
1-0: SINGLE (Groundball, 6MD, EV 104.4 MPH)
Leonardo Valdéz scores
Keaton Sturge to second
Runner from 2nd tries for 3rd, SAFE, throw by CF made to third
Batting: RHB Jason Wilson 0-0: Called Strike
0-1: Foul Ball, location: 2F
0-2: Foul Ball, location: 2F
0-2: Ball
1-2: Strikes out swinging
Batting: RHB Tim Rowland 0-0: Ball
1-0: Swinging Strike
1-1: Ball
2-1: Called Strike
2-2: Foul Ball, location: 2F
2-2: Strikes out swinging
Bottom of the 1st over - 2 runs, 3 hits, 0 errors, 2 left on base; Ballard 0 - Bompton 2
TOP OF THE 2ND
Ballard Beavers batting - Pitching for Bompton Baby Lakers : LHP Zhao-hui Teng
Batting: RHB Kevin Neal 0-0: Swinging Strike
0-1: Foul Ball, location: 2F
0-2: Ball
1-2: Strikes out swinging
Batting: RHB John Reed 0-0: Ball
1-0: Called Strike
1-1: SINGLE (Groundball, 4, EV 83.8 MPH) (infield hit)
Batting: RHB Rich Joyner 0-0: Ball
1-0: Foul Ball, location: 2F
1-1: Called Strike
1-2: Strikes out swinging
Batting: RHB Suk-jin Yi 0-0: Called Strike
0-1: Foul Ball, location: 2F
0-2: Strikes out swinging
Top of the 2nd over - 0 runs, 1 hit, 0 errors, 1 left on base; Ballard 0 - Bompton 2
BOTTOM OF THE 2ND
Bompton Baby Lakers batting - Pitching for Ballard Beavers : RHP Javier Martínez
Batting: RHB Kobbe Elders 0-0: Ball
1-0: Ball
2-0: Ground out 4-3 (Groundball, 4MS, EV 66.2 MPH)
Batting: RHB Duane Coleman 0-0: Foul Ball, location: 2F
0-1: Called Strike
0-2: Foul Ball, location: 2F
0-2: Strikes out swinging
Batting: RHB Dave Reynolds 0-0: Called Strike
0-1: Swinging Strike
0-2: Strikes out swinging
Bottom of the 2nd over - 0 runs, 0 hits, 0 errors, 0 left on base; Ballard 0 - Bompton 2
TOP OF THE 3RD
Ballard Beavers batting - Pitching for Bompton Baby Lakers : LHP Zhao-hui Teng
Batting: RHB Jim McDermott 0-0: Bunt for hit to 15S - play at first, batter safe!
Batting: RHB Eli Johnson 0-0: Called Strike
0-1: Ball
1-1: Ball
2-1: Called Strike
2-2: Strikes out swinging
Batting: LHB Desi Lińares 0-0: Called Strike
0-1: Ball
1-1: Ball
2-1: Fly out, F9 (Flyball, 9LS, EV 92.5 MPH)
Batting: RHB Eldon Broadus 0-0: Called Strike
0-1: Ball
1-1: Called Strike
1-2: Strikes out looking
Top of the 3rd over - 0 runs, 1 hit, 0 errors, 1 left on base; Ballard 0 - Bompton 2
BOTTOM OF THE 3RD
Bompton Baby Lakers batting - Pitching for Ballard Beavers : RHP Javier Martínez
Batting: LHB Leonardo Valdéz 0-0: Called Strike
0-1: Ball
1-1: SINGLE (Groundball, 34D, EV 102.5 MPH)
Batting: RHB Jochen Nelis 0-0: Called Strike
0-1: Ball
1-1: Ball
2-1: Swinging Strike
2-2: Foul Ball, location: 2F
2-2: Strikes out looking
Batting: RHB Keaton Sturge 0-0: Called Strike
0-1: Ball
1-1: Ball
2-1: Ball
3-1: Grounds into double play, 6-4-3 (Groundball, 6, EV 80.6 MPH)
Bottom of the 3rd over - 0 runs, 1 hit, 0 errors, 0 left on base; Ballard 0 - Bompton 2
TOP OF THE 4TH
Ballard Beavers batting - Pitching for Bompton Baby Lakers : LHP Zhao-hui Teng
Batting: RHB Sergio Estrada 0-0: Called Strike
0-1: Ball
1-1: Ball
2-1: Called Strike
2-2: Strikes out swinging
Batting: RHB Kevin Neal 0-0: Ball
1-0: Ball
2-0: SOLO HOME RUN (Flyball, 7LD, EV 90.0 MPH), Distance : 354 ft
Batting: RHB John Reed 0-0: Foul Ball, location: 2F
0-1: Swinging Strike
0-2: Fly out, F8 (Line Drive, 8LD, EV 84.4 MPH)
Batting: RHB Rich Joyner 0-0: Foul Ball, location: 2F
0-1: Ball
1-1: Foul Ball, location: 2F
1-2: Ball
2-2: Ball
3-2: Base on Balls
Batting: RHB Suk-jin Yi 0-0: Ball
1-0: SINGLE (Flyball, 3D, EV 91.2 MPH)
Rich Joyner to second
Runner from 2nd tries for 3rd, SAFE, no throw by RF
Batting: RHB Jim McDermott 0-0: Foul Ball, location: 2F
0-1: Ball
1-1: Foul Ball, location: 2F
1-2: Strikes out swinging
Top of the 4th over - 1 run, 2 hits, 0 errors, 2 left on base; Ballard 1 - Bompton 2
BOTTOM OF THE 4TH
Bompton Baby Lakers batting - Pitching for Ballard Beavers : RHP Javier Martínez
Batting: LHB Júlio Silva 0-0: Foul Ball, location: 2F
0-1: Called Strike
0-2: Ball
1-2: Fly out, F9 (Line Drive, 9D, EV 100.0 MPH)
Batting: RHB Jason Wilson 0-0: Called Strike
0-1: Ball
1-1: Foul Ball, location: 2F
1-2: Foul Ball, location: 2F
1-2: SINGLE (Line Drive, 78M, EV 110.6 MPH)
Batting: RHB Tim Rowland 0-0: Ball
1-0: Swinging Strike
1-1: Called Strike
1-2: Foul Ball, location: 2F
1-2: Ball
2-2: Foul Ball, location: 2F
2-2: Ball
3-2: Fly out, F9 (Flyball, 89M, EV 91.9 MPH)
Batting: RHB Kobbe Elders 0-0: Ball
1-0: Called Strike
1-1: Ball
2-1: SINGLE (Groundball, 56D, EV 94.4 MPH)
Jason Wilson to second
Batting: RHB Duane Coleman 0-0: Ball
1-0: Ball
2-0: Called Strike
2-1: Foul Ball, location: 2F
2-2: Ball
3-2: Foul Ball, location: 2F
3-2: Fly out, F4 (Popup, 4, EV 74.4 MPH)
Bottom of the 4th over - 0 runs, 2 hits, 0 errors, 2 left on base; Ballard 1 - Bompton 2
TOP OF THE 5TH
Ballard Beavers batting - Pitching for Bompton Baby Lakers : LHP Zhao-hui Teng
Batting: RHB Eli Johnson 0-0: SINGLE (Groundball, 34D, EV 98.8 MPH)
Batting: LHB Desi Lińares 0-0: Ball
1-0: Bunted foul
1-1: Ball
2-1: Bunt missed!
2-2: Ball
3-2: Fly out, F7 (Flyball, 7LD, EV 111.2 MPH)
Batting: RHB Eldon Broadus 0-0: Ball
1-0: Fly out, F8 (Flyball, 8RS, EV 94.4 MPH)
Batting: RHB Sergio Estrada 0-0: Ball
1-0: Called Strike
1-1: Called Strike
1-2: Fly out, F5 (Popup, 5SF, EV 89.4 MPH)
Top of the 5th over - 0 runs, 1 hit, 0 errors, 1 left on base; Ballard 1 - Bompton 2
BOTTOM OF THE 5TH
Bompton Baby Lakers batting - Pitching for Ballard Beavers : RHP Javier Martínez
Batting: RHB Dave Reynolds 0-0: Called Strike
0-1: Fly out, F2 (Popup, 23F, EV 90.6 MPH)
Pitching: RHP Gianlorenzo Albertini
Batting: LHB Leonardo Valdéz 0-0: Ball
1-0: Foul Ball, location: 2F
1-1: Ball
2-1: Swinging Strike
2-2: Ball
3-2: SINGLE (Line Drive, 8RS, EV 108.1 MPH)
Batting: RHB Jochen Nelis 0-0: Foul Ball, location: 2F
0-1: Foul Ball, location: 2F
0-2: SINGLE (Line Drive, 7LS, EV 95.0 MPH)
Leonardo Valdéz to second
Batting: RHB Keaton Sturge 0-0: Ball
1-0: DOUBLE (Line Drive, 78D, EV 105.0 MPH)
Leonardo Valdéz scores
Jochen Nelis to third
Batting: LHB Júlio Silva 0-0: Called Strike
0-1: Foul Ball, location: 2F
0-2: Ball
1-2: Strikes out looking
Batting: RHB Jason Wilson 0-0: Ball
1-0: Called Strike
1-1: Ball
2-1: Ball
3-1: Base on Balls
Batting: RHB Tim Rowland 0-0: Ball
1-0: Ball
2-0: Called Strike
2-1: Fielders Choice at 2nd, 6-4 (Groundball, 6, EV 85.6 MPH)
Bottom of the 5th over - 1 run, 3 hits, 0 errors, 3 left on base; Ballard 1 - Bompton 3
TOP OF THE 6TH
Ballard Beavers batting - Pitching for Bompton Baby Lakers : LHP Zhao-hui Teng
Batting: RHB Kevin Neal 0-0: Foul Ball, location: 2F
0-1: Ball
1-1: Swinging Strike
1-2: Strikes out swinging
Batting: RHB John Reed 0-0: Foul Ball, location: 2F
0-1: Foul Ball, location: 2F
0-2: Strikes out looking
Batting: RHB Rich Joyner 0-0: Ball
1-0: Ball
2-0: Called Strike
2-1: DOUBLE (Line Drive, 8RXD, EV 104.4 MPH)
Batting: RHB Suk-jin Yi 0-0: Ball
1-0: Ball
2-0: Ball
3-0: Called Strike
3-1: Foul Ball, location: 2F
3-2: Base on Balls
Batting: RHB Jim McDermott 0-0: Called Strike
0-1: Foul Ball, location: 2F
0-2: Foul Ball, location: 2F
0-2: Strikes out swinging
Top of the 6th over - 0 runs, 1 hit, 0 errors, 2 left on base; Ballard 1 - Bompton 3
BOTTOM OF THE 6TH
Bompton Baby Lakers batting - Pitching for Ballard Beavers : RHP Gianlorenzo Albertini
Batting: RHB Kobbe Elders 0-0: Ball
1-0: Ball
2-0: Called Strike
2-1: Swinging Strike
2-2: Strikes out swinging
Batting: RHB Duane Coleman 0-0: Ball
1-0: Ground out 4-3 (Groundball, 4S, EV 86.2 MPH)
Batting: RHB Dave Reynolds 0-0: Ball
1-0: Swinging Strike
1-1: Ball
2-1: Called Strike
2-2: Ball
3-2: SINGLE (Line Drive, 34D, EV 96.2 MPH)
Batting: LHB Leonardo Valdéz 0-0: Ball
Dave Reynolds steals 2nd base
1-0: Ball
2-0: Ground out 1-3 (Groundball, 34S, EV 86.2 MPH)
Bottom of the 6th over - 0 runs, 1 hit, 0 errors, 1 left on base; Ballard 1 - Bompton 3
TOP OF THE 7TH
Ballard Beavers batting - Pitching for Bompton Baby Lakers : LHP Zhao-hui Teng
Pitching: RHP Noah Birkbeck
Now at 2B: Marvin Russell
Batting: RHB Eli Johnson 0-0: SINGLE (Groundball, 56D, EV 99.4 MPH)
Batting: LHB Desi Lińares 0-0: Ball
Eli Johnson steals 2nd base
1-0: Foul Ball, location: 2F
1-1: Swinging Strike
1-2: Strikes out swinging
Batting: RHB Eldon Broadus 0-0: Swinging Strike
0-1: Ball
1-1: Ball
2-1: Fly out, F9 (Flyball, 9S, EV 77.5 MPH)
Batting: RHB Sergio Estrada 0-0: Ball
1-0: Swinging Strike
1-1: Swinging Strike
1-2: Ball
2-2: Strikes out looking
Top of the 7th over - 0 runs, 1 hit, 0 errors, 1 left on base; Ballard 1 - Bompton 3
BOTTOM OF THE 7TH
Bompton Baby Lakers batting - Pitching for Ballard Beavers : RHP Gianlorenzo Albertini
Batting: RHB Jochen Nelis 0-0: Ground out 4-3 (Groundball, 4, EV 104.4 MPH)
Batting: RHB Keaton Sturge 0-0: Called Strike
0-1: Ball
1-1: Foul Ball, location: 2F
1-2: Reached on error, E6 (Groundball, 6, EV 87.5 MPH)
Batting: LHB Júlio Silva 0-0: Ball
1-0: Ball
2-0: Fielders Choice at 2nd, 5-4 (Groundball, 56, EV 77.5 MPH)
Batting: RHB Jason Wilson 0-0: Ball
1-0: Foul Ball, location: 2F
1-1: Called Strike
1-2: Fielders Choice at 2nd, 6-4 (Groundball, 6, EV 106.9 MPH)
Bottom of the 7th over - 0 runs, 0 hits, 1 error, 1 left on base; Ballard 1 - Bompton 3
TOP OF THE 8TH
Ballard Beavers batting - Pitching for Bompton Baby Lakers : RHP Noah Birkbeck
Batting: RHB Kevin Neal 0-0: Ball
1-0: Foul Ball, location: 5F, Error on foul ball, E5
1-1: Ball
2-1: Called Strike
2-2: Ball
3-2: Strikes out swinging
Batting: RHB John Reed 0-0: Called Strike
0-1: Ball
1-1: Swinging Strike
1-2: Foul Ball, location: 2F
1-2: Foul Ball, location: 2F
1-2: Ball
2-2: Ball
3-2: Hit by Pitch
Batting: RHB Rich Joyner 0-0: Ball
1-0: Foul Ball, location: 2F
1-1: Ball
2-1: Ball
3-1: Called Strike
3-2: SINGLE (Line Drive, 6MD, EV 97.5 MPH)
John Reed to second
Batting: RHB Suk-jin Yi 0-0: Ball
1-0: Swinging Strike
1-1: Swinging Strike
1-2: Foul Ball, location: 2F
1-2: Ball
2-2: Strikes out swinging
Pinch Hitting: SHB Kian Iles 0-0: Called Strike
0-1: Swinging Strike
0-2: Foul Ball, location: 2F
0-2: Ball
1-2: Strikes out looking
Top of the 8th over - 0 runs, 1 hit, 1 error, 2 left on base; Ballard 1 - Bompton 3
BOTTOM OF THE 8TH
Bompton Baby Lakers batting - Pitching for Ballard Beavers : RHP Gianlorenzo Albertini
Now in CF: Kian Iles
Batting: RHB Tim Rowland 0-0: Called Strike
0-1: Ball
1-1: Reached on error, E6 (Groundball, 6, EV 85.0 MPH)
Pitching: LHP Bill Zimmerman
Batting: RHB Kobbe Elders 0-0: Called Strike
0-1: Ball
1-1: Ball
2-1: Foul Ball, location: 2F
2-2: Strikes out swinging
Batting: RHB Duane Coleman 0-0: Called Strike
0-1: Swinging Strike
0-2: Foul Ball, location: 2F
0-2: Ball
Wild Pitch!
Tim Rowland to second
1-2: Strikes out swinging
Batting: RHB Dave Reynolds 0-0: Called Strike
0-1: Fly out, F3 (Popup, 3SF, EV 76.9 MPH)
Bottom of the 8th over - 0 runs, 0 hits, 1 error, 1 left on base; Ballard 1 - Bompton 3
TOP OF THE 9TH
Ballard Beavers batting - Pitching for Bompton Baby Lakers : RHP Noah Birkbeck
Pitching: LHP Rick Baker
Now in LF: David Taylor
Batting: RHB Eli Johnson 0-0: Ball
1-0: Fly out, F9 (Flyball, 9D, EV 93.1 MPH)
Batting: LHB Desi Lińares 0-0: Called Strike
0-1: Called Strike
0-2: Ball
1-2: Strikes out looking
Batting: RHB Eldon Broadus 0-0: Ball
1-0: Called Strike
1-1: Swinging Strike
1-2: Strikes out swinging
Top of the 9th over - 0 runs, 0 hits, 0 errors, 0 left on base; Ballard 1 - Bompton 3
Tuesday, January 5th, 2021 - OOTP Baseball 20.8 Build 74